 Dungeon Crawl Stone Soup version 0.28-a0-1395-g4f6bc678fa (webtiles) character file.

Game seed: 2918568100627030792

50 bearlyready the Caller (level 3, -9/24 HPs)
             Began as a Merfolk Summoner on Jan 5, 2022.
             Mangled by an ogre (17 damage)
             ... on level 4 of the Dungeon.
             The game lasted 00:03:27 (2092 turns).

bearlyready the Caller (Merfolk Summoner)           Turns: 2092, Time: 00:03:27

Health: -9/24      AC:  6    Str:  8    XL:     3   Next: 79%
Magic:  6/6        EV: 10    Int: 14    God:
Gold:   44         SH:  0    Dex: 16    Spells: 5/6 levels left

rFire   . . .      SeeInvis .   d - +0 dagger
rCold   . . .      Faith    .   (no shield)
rNeg    . . .      Spirit   .   c - +0 ring mail
rPois   .          Reflect  .   (no helmet)
rElec   .          Harm     .   b - +0 cloak
rCorr   .          Rampage  .   (no gloves)
Will    .....                   (no boots)
Stlth   +.........              (no amulet)
HPRegen 0.08/turn               (no ring)
MPRegen 0.10/turn               (no ring)

@: no status effects
A: (nimble swimmer 2), mertail
a: no special abilities


You were on level 4 of the Dungeon.
You visited 1 branch of the dungeon, and saw 3 of its levels.

You collected 44 gold pieces.

Inventory:

Hand Weapons
 d - a +0 dagger (weapon)
Missiles
 e - 65 stones
Armour
 a - a +0 robe
 b - a +0 cloak (worn)
 c - a +0 ring mail (worn)
Jewellery
 h - a ring of fire
Scrolls
 f - 2 scrolls of fog {unknown}
 i - a scroll of fear {unknown}
Potions
 g - a potion of lignification {unknown}


   Skills:
 - Level 2.6 Dodging
 - Level 2.1 Stealth
 - Level 2.0 Spellcasting
 + Level 5.3 Summonings


You had 5 spell levels left.
You knew the following spells:

 Your Spells              Type           Power      Damage    Failure   Level
a - Summon Small Mammal   Summ           64%        N/A       9%          1

Your spell library contained the following spells:

 Spells                   Type           Power      Damage    Failure   Level
 Call Imp                 Summ           16%        N/A       12%         2
 Call Canine Familiar     Summ           16%        N/A       24%         3
 Slow                     Hex            4%         N/A       58%         1
 Summon Guardian Golem    Hex/Summ       8%         N/A       58%         3
 Confusing Touch          Hex            1%         N/A       91%         3
 Vampiric Draining        Necr           1%         2d6       91%         3
 Summon Lightning Spire   Summ/Air       8%         N/A       94%         4


Dungeon Overview and Level Annotations

Branches:
Dungeon (2/15)             Temple (0/1) D:4

Altars:


Innate Abilities, Weirdness & Mutations

((You are very nimble when in or above water. (Stealth+, EV+, Speed+++)))
Your lower body shifts to a powerful aquatic tail in water.


Message History

Your bat hits the worm. Your bat hits the worm.
Found a bubbling pink potion.
Your quokka bites the worm.
Your bat barely misses the worm.
Your bat hits the worm but does no damage.
Your quokka bites the worm.
Your bat hits the worm.
Your quokka bites the worm.
Your bat completely misses the worm.
Your quokka bites the worm.
Your bat barely misses the worm.
Your bat hits the worm.
Your quokka bites the worm.
The worm closely misses your bat.
Your quokka bites the worm but does no damage.
Your bat hits the worm. Your bat hits the worm.
Your quokka bites the worm.
The worm dies!
Magic restored.
Your quokka disappears in a puff of smoke!
Your bat disappears in a puff of smoke!
A goblin comes into view. It is wielding a +0 club.
A goblin is nearby!
A goblin is nearby!
Found 8 gold pieces.
A sourceless malevolence fills the Dungeon...
You fall into a shaft and drop 2 floors!
The shaft crumbles and collapses. 4 jackals, 2 endoplasms, a goblin and an ogre come into view.
The jackal barks!
The goblin shouts!
The jackal barks!
The endoplasm quivers.
Found 6 gold pieces, a ring mail and 18 stones.
Found an escape hatch in the floor.
Found a stone staircase leading down and a staircase to the Ecumenical Temple.
There are monsters nearby!
Found a fizzy golden potion.
The endoplasm quivers.
The jackal barks!
The endoplasm barely misses you.
There is a staircase to the Ecumenical Temple here.
The ogre hits you with a +0 giant club!
Ouch! That really hurt!
You die...

##.. .....
#...########
##...!......#
..#.##...##.#
#...##...##.##
#....(......#
#.....@.....#
###..J.JO.....##
.....##hh.##....
##h.##$..##....
##.....h........
..............##
..............#
....g...>.....#
..............#


You could see an ogre, 2 endoplasms, 4 jackals and a goblin.

Vanquished Creatures
  2 adders (D:2)
  A bat (D:1)
  2 endoplasms
  3 hobgoblins
  A ball python (D:1)
  2 kobolds
  A rat (D:1)
12 creatures vanquished.

Vanquished Creatures (collateral kills)
  A worm (D:2)
  A ball python (D:1)
  6 bats (D:1)
  An endoplasm (D:2)
  2 goblins (D:1)
  A hobgoblin (D:1)
  A kobold (D:1)
  A quokka (D:1)
  A rat (D:1)
  A spectral hobgoblin (D:1)
16 creatures vanquished.

Grand Total: 28 creatures vanquished

Notes
Turn   | Place    | Note
-------+----------+-------------------------------------------
     0 | D:1      | bearlyready the Merfolk Summoner began the quest for the
                  | Orb.
     0 | D:1      | Reached XP level 1. HP: 13/13 MP: 3/3
    20 | D:1      | Found a faded altar of an unknown god.
   484 | D:1      | Reached XP level 2. HP: 19/19 MP: 0/5
  1509 | D:2      | Reached skill level 5 in Summonings
  1509 | D:2      | Reached XP level 3. HP: 16/24 MP: 3/6
  2086 | D:2      | You fall into a shaft and drop 2 floors!
  2086 | D:4      | Noticed an ogre
  2086 | D:4      | Found a staircase to the Ecumenical Temple.
  2092 | D:4      | Mangled by an ogre

Illustrated notes

Levels and vault maps discovered:
D:1:      amcnicky_arrival_underground_garden, layout_basic,
          dreamdust_ecumenical_altar_drowned_temple
D:2:      layout_rooms, uniq_crazy_yiuf_cottage
D:4:      layout_rooms, minmay_temple_entry_stoned_glass, uniq_sigmund

Skill      XL: |  1  2 |
---------------+-------+-----
Summonings     | 5 |  5.3
Dodging        | |  2.6
Stealth        | |  2.1
Spellcasting   | |  2.0

Action                   || total
-------------------------++-------
Melee: Unarmed           ||    17
       Dagger            ||   117
 Cast: Summon Small Mamm ||    42
 Stab: Distracted        ||     1
       Sleeping          ||     1
Armor: Robe              ||    38
       Ring mail         ||    25
Dodge: Dodged            ||   144

Table legend: (Time is in decaauts)
 A = Elapsed time spent in this place.
 B = Non-inter-level travel time spent in this place.
 C = Inter-level travel time spent in this place.
 D = Time resting spent in this place.
 E = Time spent auto-exploring this place.
 F = Levels seen in this place.
 G = Mean time per level.
                   A        B        C        D        E       F      G
               +--------+--------+--------+--------+--------+-----+--------+
         Total |   2081 |   2038 |     43 |    225 |   1366 |   3 |  693.7 |
       Dungeon |   2081 |   2038 |     43 |    225 |   1366 |   3 |  693.7 |
               +--------+--------+--------+--------+--------+-----+--------+

Top non-repeatable levels by time:
     D:1: 1658 daAuts
     D:2: 417 daAuts
     D:4: 5 daAuts
